 Dungeon Crawl Stone Soup version 0.29-a0-825-g72347fce65 (webtiles) character file.

Game seed: 18373900008662398656

97714 Garessta the Devastator (level 15, -8/120 HPs)
             Began as a Demonspawn Conjurer on July 11, 2022.
             Was an Initiate of Gozag.
             Mangled by an emperor scorpion (17 damage)
             ... on level 2 of the Spider Nest.
             The game lasted 02:50:32 (35058 turns).

Garessta the Devastator (Demonspawn Conjurer)      Turns: 35058, Time: 02:50:32

Health: -8/120     AC:  8    Str:  8    XL:     15   Next: 72%
Magic:  0/30       EV: 16    Int: 30    God:    Gozag
Gold:   673        SH:  0    Dex: 12    Spells: 1/36 levels left

rFire   + + .      SeeInvis +   b - +9 sling "Acviocatz" {freeze, rN+ rCorr}
rCold   + . .      Faith    .   (no shield)
rNeg    + . .      Spirit   +   p - +2 leather armour {rF+}
rPois   +          Reflect  .   h - +1 helmet {SInv}
rElec   +          Harm     .   E - scarf {+Inv}
rCorr   +          Rampage  .   D - +0 pair of gloves
Will    ++...                   (no boots)
Stlth   +++.......              j - amulet of magic regeneration
HPRegen 0.30/turn               S - ring of poison resistance
MPRegen 0.84/turn               X - ring "Earthly Heaven" {*Corrode Will+ Int+4 Stlth+}

@: mighty, resistant, studying Armour, invisible
A: spiny 1, magic shield, magic regeneration, sturdy frame 3, weakness stinger 2
a: Renounce Religion, Evoke Invisibility, Potion Petition, Call Merchant, Bribe
Branch


You were on level 2 of the Spider Nest.
You worshipped Gozag.
Gozag was pleased with you.
You visited 5 branches of the dungeon, and saw 23 of its levels.
You visited the Abyss 1 time.
You also visited: Ossuary.

You collected 8397 gold pieces.
You spent 4304 gold pieces at shops.
You paid 3420 gold pieces to Gozag.

Inventory:

Hand Weapons
 a - the +10 rapier "Raix" {flame, Int+4}
   (You bought it in a shop on level 2 of the Orcish Mines)

   It burns those it strikes, dealing additional fire damage.
   Int:       It affects your intelligence (+4).
 b - the +9 sling "Acviocatz" (weapon) {freeze, rN+ rCorr}
   (You found it on level 4 of the Lair of Beasts)

   Any ammunition fired from it freezes those it strikes, dealing additional
   cold damage.
   It can also slow down cold-blooded creatures.
   rN:        It protects you from negative energy.
   rCorr:     It protects you from acid and corrosion.
Missiles
 n - 11 javelins
Armour
 h - a +1 helmet of see invisible (worn)
 p - a +2 leather armour of fire resistance (worn)
 D - a +0 pair of gloves (worn)
 E - a scarf of invisibility (worn)
Magical Staves
 V - a staff of conjuration
Jewellery
 j - an amulet of magic regeneration (around neck)
 r - the necklace of Bloodlust {*Rage Will++ Int-3 Slay+6}
   (You found it on level 4 of the Lair of Beasts)

   [amulet of nothing]

   It extends the wearer's berserk rage when killing foes.
   Int:       It affects your intelligence (-3).
   Slay:      It affects your accuracy & damage with ranged weapons and melee
   (+6).
   *Rage:     It berserks you when you make melee attacks (+50% chance).
   Will:      It greatly increases your willpower.
 S - a ring of poison resistance (left hand)
 X - the ring "Earthly Heaven" (right hand) {*Corrode Will+ Int+4 Stlth+}
   (You bought it in a shop on level 2 of the Orcish Mines)

   [ring of willpower]

   Int:       It affects your intelligence (+4).
   *Corrode:  It may corrode you when you take damage.
   Will:      It increases your willpower.
   Stlth:     It makes you more stealthy.
Wands
 H - a wand of iceblast (9)
 J - a wand of charming (13)
 M - a wand of flame (33)
Scrolls
 d - 2 scrolls of identify
 e - 2 scrolls of brand weapon {unknown}
 f - 4 scrolls of fear {unknown}
 g - 8 scrolls of fog
 i - 3 scrolls of enchant armour
 x - 9 scrolls of teleportation
 y - 5 scrolls of summoning {unknown}
 B - 5 scrolls of poison {unknown}
 C - 3 scrolls of blinking {unknown}
 F - 2 scrolls of amnesia
 G - 2 scrolls of enchant weapon
 L - 4 scrolls of magic mapping
Potions
 c - 2 potions of heal wounds
 l - a potion of invisibility
 m - 6 potions of might
 o - 7 potions of mutation
 q - 2 potions of ambrosia
 s - a potion of flight
 t - 3 potions of berserk rage
 u - 2 potions of cancellation
 v - 3 potions of brilliance
 w - a potion of magic
 A - a potion of curing
 K - a potion of haste
 T - a potion of resistance {unknown}
Miscellaneous
 Q - a box of beasts
 U - a lightning rod (4/4)


   Skills:
 + Level 12.1 Fighting
 + Level 11.3 Dodging
 - Level 1.7 Stealth
 + Level 11.2 Spellcasting
 + Level 15.4 Conjurations
 + Level 8.4 Hexes
 + Level 8.3 Translocations
 + Level 2.2 Transmutations
 - Level 5.0 Air Magic


You had one spell level left.
You knew the following spells:

 Your Spells              Type           Power      Damage    Failure   Level
a - Summon Guardian Gole  Hex/Summ       42%        N/A       1%          3
b - Searing Ray           Conj           100%       2d8       0%          2
c - Fulminant Prism       Conj/Hex       36%        3d18      1%          4
d - Iskenderun's Mystic   Conj/Tloc      73%        2d15      1%          4
e - Orb of Destruction    Conj           41%        9d11      4%          7
g - Passage of Golubria   Tloc           61%        N/A       1%          4
t - Tukima's Dance        Hex            61%        N/A       1%          3
u - Yara's Violent Unrav  Hex/Tmut       24%        3d11      10%         5
z - Swiftness             Air            46%        N/A       1%          3

Your spell library contained the following spells:

 Spells                   Type           Power      Damage    Failure   Level
 Magic Dart               Conj           100%       1d8       0%          1
 Beastly Appendage        Tmut           60%        N/A       1%          1
 Necrotise                Necr           64%        1d7       3%          1
 Ensorcelled Hibernation  Hex/Ice        84%        N/A       1%          2
 Poisonous Vapours        Pois/Air       62%        N/A       1%          2
 Wereblood                Tmut           30%        N/A       1%          2
 Dazzling Flash           Conj/Hex       100%       N/A       1%          3
 Gell's Gravitas          Tloc           61%        N/A       1%          3
 Lesser Beckoning         Tloc           61%        N/A       1%          3
 Teleport Other           Tloc           61%        N/A       1%          3
 Cause Fear               Hex            30%        N/A       1%          4
 Passwall                 Tmut/Erth      19%        N/A       3%          2
 Silence                  Hex/Air        27%        N/A       5%          5
 Spider Form              Tmut/Pois      23%        N/A       6%          3
 Vampiric Draining        Necr           16%        2d7       10%         3
 Agony                    Necr           16%        N/A       65%         5
 Spellforged Servitor     Conj/Summ      29%        N/A       73%         7
 Dragon Form              Tmut           15%        N/A       100%        7
 Lehudib's Crystal Spear  Conj/Erth      29%        10d8      100%        8
 Dragon's Call            Summ           8%         N/A       100%        9
 Corpse Rot               Necr/Pois/Air  Unusable   N/A       N/A         4

Dungeon Overview and Level Annotations

Branches:
Dungeon (12/15)            Temple (1/1) D:6            Lair (6/6) D:10
 Shoals (0/4) Lair:3       Spider (2/4) Lair:4        Slime (0/5) Lair:6
    Orc (2/2) D:12            Elf (0/3) Orc:2       Ossuary (visited)

Altars:
Ashenzari
Cheibriados
Dithmenos
Fedhas
Gozag
Hepliaklqana
Kikubaaqudgha
Makhleb
Nemelex Xobeh
Okawaru
Qazlal
Ru
Sif Muna
Trog
Uskayaw
Vehumet
Wu Jian
Xom
Yredelemnul
Jiyva

Shops:
D:12 :   Orc:1 *   Orc:2 =([:   Lair:2 :

Annotations:
D:9 2 transporters, capka3m's ghost, novice TrMo
Lair:1 3 runed translucent doors, WasteTime5's ghost, journeyman HOFi
Lair:6 exclusion: 2 oklob plants
Spider:2 Mlioglotl


Innate Abilities, Weirdness & Mutations

You are partially covered in sharp spines.
When hurt, damage is shared between your health and your magic reserves.
You regenerate magic rapidly.
Your movements are significantly less encumbered by armour. (ER -6)
You have a tail ending in a sharp stinger.


Message History

The emperor scorpion poisons you!
The emperor scorpion claws you but does no damage. x2
You feel better. The emperor scorpion stings you!
* * * LOW HITPOINT WARNING * * *
The emperor scorpion closely misses you. x2
The emperor scorpion stings you!!
* * * LOW HITPOINT WARNING * * *
The emperor scorpion claws you.
* * * LOW HITPOINT WARNING * * *
The emperor scorpion barely misses you.
Casting: Iskenderun's Mystic Blast (safe; 1% risk of failure)
Confirm with . or Enter, or press ? or * to list all spells.
You don't have enough magic to cast this spell.
Really attack while wielding the +9 sling "Acviocatz" {freeze, rN+ rCorr}?
Okay, then.
Fire: b) +9 sling "Acviocatz" {freeze, rN+ rCorr}
Press: ? - help, Q - select action, (/) - cycle Shift-Dir - straight line, f/p - emperor scorpion
Aim: an emperor scorpion (heavily wounded, unable to see you, 79% to hit)
You shoot a sling bullet.
The sling bullet barely misses the emperor scorpion.
The emperor scorpion stings you.
* * * LOW HITPOINT WARNING * * *
The emperor scorpion closely misses you.
The emperor scorpion claws you but does no damage.
Fire: b) +9 sling "Acviocatz" {freeze, rN+ rCorr}
Press: ? - help, Q - select action, (/) - cycle Shift-Dir - straight line, f/p - emperor scorpion
Aim: an emperor scorpion (heavily wounded, unable to see you, 79% to hit)
You shoot a sling bullet.
The sling bullet hits the emperor scorpion.
The sling bullet freezes the emperor scorpion.
The emperor scorpion is heavily wounded.
The emperor scorpion is struck by your spines.
The emperor scorpion closely misses you.
The emperor scorpion claws you.
* * * LOW HITPOINT WARNING * * *
The emperor scorpion claws you.
* * * LOW HITPOINT WARNING * * *
The emperor scorpion stings you!!
You die...
Your body crumbles into a pile of gold.

#.....# .. ##.....##
#.. ##.......#$...
#.......##..# ######
#..##..##..#
####...>####.....#..#
..#......##.........#
..#...#...##...#s..##
..#..###...#.).#@.##
.##..#####....#####
^##......##(###...##
####......###......##
# ##...#....#..#...#
######...#..##..#
##.##...#...#..#
##...#..##...#..#
#...##.....######


You could see an emperor scorpion (unable to see you).

Vanquished Creatures
  Jorgrun (Orc:2)
  Donald (Spider:2)
  An emperor scorpion (Spider:1)
  An orc warlord (Orc:2)
  Aizul (Spider:2)
  A ghost moth (Spider:1)
  A broodmother (Lair:4)
  3 entropy weavers
  2 fire dragons (Lair:6)
  Josephine (Lair:4)
  A hydra (Lair:2)
  3 boulder beetles
  Erolcha (Orc:2)
  An ice dragon (Lair:4)
  Erica (D:11)
  4 two-headed ogres
  A radroach (Spider:1)
  An orc high priest (Orc:2)
  14 death yaks
  Sonja (Lair:3)
  Amaemon (Lair:3)
  A pharaoh ant (Spider:2)
  3 orb spiders
  2 sun moths (Spider:2)
  A swamp dragon (Lair:6)
  A steelbarb worm (Spider:1)
  An orc knight (Orc:1)
  An orc sorcerer (Orc:2)
  An ugly thing (D:12)
  9 wolf spiders
  A cyclops (D:11)
  3 manticores
  7 slime creatures (D:12)
  Maurice (D:11)
  4 black mambas
  An apocalypse crab (Abyss:2)
  12 elephants
  3 torpor snails
  An orange demon (Lair:3)
  9 rime drakes (Lair:6)
  6 komodo dragons
  9 cane toads
  A demonic crawler (Spider:2)
  3 unseen horrors
  Grinder (D:4)
  A troll (D:9)
  10 tarantellas
  A hornet (D:9)
  A polar bear (Lair:5)
  7 dream sheep (Lair:6)
  5 blink frogs (Lair:3)
  8 culicivoras
  16 jumping spiders
  A shadow (D:10)
  2 wyverns
  A vampire (D:10)
  6 wraiths
  3 basilisks (Lair:6)
  7 steam dragons
  28 redbacks
  48 yaks
  2 vampire mosquitoes (D:11)
  2 wargs (Orc:2)
  13 water moccasins
  An acid dragon (D:10)
  A black bear (Lair:2)
  3 swamp drakes (Lair:6)
  2 ice beasts (D:7)
  34 orc warriors
  A wolf (Lair:3)
  8 ogres
  17 centaurs
  A phantom (D:5)
  6 kobold brigands
  10 bullfrogs
  A necrophage (D:5)
  A gnoll sergeant (Orc:1)
  A scorpion (D:6)
  36 killer bees
  4 electric eels
  3 vampire bats (Lair:4)
  A howler monkey (D:9)
  18 orc priests
  6 jellies
  4 centaur zombies (Ossuary)
  Jessica (D:3)
  3 gnoll boudas
  6 hell rats (Lair:4)
  Natasha (thrice) (D:3)
  6 iguanas
  14 orc wizards
  A small abomination (Abyss:2)
  4 mummies (Ossuary)
  Robin (D:2)
  13 adders
  19 gnolls
  2 shadow imps
  3 worms
  2 dart slugs
  106 orcs
  7 ball pythons
  13 bats
  7 endoplasms
  4 giant cockroaches
  11 goblins
  12 hobgoblins
  4 jackals (D:5)
  5 quokkas
  3 frilled lizards
  3 hobgoblin zombies (Ossuary)
  27 kobolds
  A rat (D:1)
  3 fulminant prisms
729 creatures vanquished.

Vanquished Creatures (collateral kills)
  3 yaks (D:10)
  A killer bee (Lair:3)
  3 orcs (D:10)
  A kobold (D:10)
  A fulminant prism (D:10)
9 creatures vanquished.

Vanquished Creatures (others)
  Fannar (Lair:3)
  A hydra (Lair:3)
  A boulder beetle (D:10)
  A death yak (Lair:6)
  A wolf spider (Spider:1)
  3 elephants
  5 komodo dragons
  4 rime drakes
  A polar bear (Lair:3)
  3 slime creatures (D:12)
  9 yaks
  A water moccasin (Lair:3)
  4 wolves (Lair:3)
  2 bullfrogs (Lair:3)
  6 killer bees (Lair:3)
  A hell rat (Lair:4)
  A kobold (D:10)
  2 bushes (D:10)
  A butterfly (Lair:3)
  237 fulminant prisms
  40 fungi
  113 plants
  2 starspawn tentacles (Spider:2)
440 creatures vanquished.

Grand Total: 1178 creatures vanquished

Notes
Turn   | Place    | Note
-------+----------+-------------------------------------------
     0 | D:1      | Garessta the Demonspawn Conjurer began the quest for the
                  | Orb.
     0 | D:1      | Reached XP level 1. HP: 13/13 MP: 3/3
   195 | D:1      | Found a faded altar of an unknown god.
   288 | D:1      | Gained mutation: Your movements are slightly less
                  | encumbered by armour. (ER -2) [demonic ancestry]
   288 | D:1      | Reached XP level 2. HP: 19/19 MP: 0/5
   329 | D:1      | Learned a level 2 spell: Searing Ray
  1394 | D:1      | Reached XP level 3. HP: 14/24 MP: 0/7
  1721 | D:2      | Gained mutation: You have a small tail. [demonic ancestry]
  1721 | D:2      | Reached XP level 4. HP: 30/30 MP: 0/8
  1797 | D:1      | Learned a level 4 spell: Fulminant Prism
  1865 | D:2      | Noticed Robin
  1942 | D:2      | Killed Robin
  1943 | D:2      | Reached skill level 5 in Conjurations
  2333 | D:2      | Reached skill level 1 in Hexes
  2647 | D:2      | Gained mutation: Your movements are less encumbered by
                  | armour. (ER -4) [demonic ancestry]
  2647 | D:2      | Reached XP level 5. HP: 35/35 MP: 7/10
  2920 | D:3      | Found a shimmering blue altar of Sif Muna.
  3282 | D:3      | Noticed Jessica
  3295 | D:3      | Killed Jessica
  3296 | D:3      | Gained mutation: You regenerate magic rapidly. [demonic
                  | ancestry]
  3296 | D:3      | Reached XP level 6. HP: 3/41 MP: 7/12
  3732 | D:3      | Noticed Natasha
  3738 | D:3      | Killed Natasha
  4076 | D:3      | Learned a level 4 spell: Iskenderun's Mystic Blast
  4141 | D:3      | Noticed Natasha
  4145 | D:3      | Killed Natasha
  4156 | D:3      | Noticed Natasha
  4158 | D:3      | Killed Natasha
  4353 | D:4      | Reached skill level 6 in Conjurations
  4491 | D:4      | Noticed Grinder
  4515 | D:4      | Killed Grinder
  4516 | D:4      | Reached skill level 1 in Translocations
  4516 | D:4      | Reached XP level 7. HP: 32/46 MP: 7/14
  4845 | D:4      | Found an ornate altar of the Wu Jian Council.
  5112 | D:5      | Entered Level 5 of the Dungeon
  5120 | D:5      | Reached skill level 5 in Spellcasting
  5169 | D:5      | Found a bloodstained altar of Trog.
  5440 | D:5      | Identified the +10 dagger of the Countless Xenops {flame,
                  | Int+4}
  5520 | D:5      | Gained mutation: You are partially covered in sharp spines.
                  | [demonic ancestry]
  5520 | D:5      | Reached XP level 8. HP: 46/51 MP: 9/15
  6106 | D:6      | Reached skill level 7 in Conjurations
  6150 | D:6      | Noticed an unseen horror
  6157 | D:6      | Killed an unseen horror
  6158 | D:6      | Reached skill level 5 in Hexes
  6488 | D:6      | Found a hide-covered altar of Uskayaw.
  6673 | D:6      | Found a staircase to the Ecumenical Temple.
  6680 | Temple   | Entered the Ecumenical Temple
  6776 | Temple   | Became a worshipper of Gozag Ym Sagoz the Greedy
  7305 | D:7      | Reached XP level 9. HP: 41/57 MP: 13/18
  7328 | D:7      | Found a sand-covered staircase.
  7334 | Ossuary  | Entered an ossuary
  7382 | Ossuary  | Reached skill level 8 in Conjurations
  8020 | D:7      | You fall into a shaft and drop 1 floor!
  8438 | D:7      | Reached skill level 5 in Translocations
  8652 | D:8      | Learned a level 3 spell: Swiftness
  8930 | D:8      | Reached skill level 1 in Fighting
  8938 | D:8      | Reached skill level 9 in Conjurations
  8938 | D:8      | Reached skill level 1 in Air Magic
  9490 | D:9      | Reached XP level 10. HP: 30/67 MP: 14/21
  9940 | D:9      | Noticed capka3m's ghost (novice TrMo)
  9941 | D:9      | Found a transporter.
  9941 | D:9      | Found a transporter.
  9941 | D:9      | Identified the +7 giant club of Tepyaps {drain, rF+ Dex+5
                  | Stlth-}
  9941 | D:9      | Noticed a two-headed ogre
 10011 | D:9      | Found a sacrificial altar of Ru.
 10074 | D:9      | Noticed a two-headed ogre
 10077 | D:9      | Noticed a two-headed ogre
 10138 | D:9      | Found a hazy altar of Hepliaklqana.
 10511 | D:10     | Entered Level 10 of the Dungeon
 10516 | D:10     | Found an iron altar of Okawaru.
 10576 | D:10     | Found a staircase to the Lair.
 10592 | D:10     | Learned a level 4 spell: Passage of Golubria
 10713 | D:10     | Identified the +10 long sword of Fesoaraq {antimagic, rF+
                  | Str+4 Int-2 Dex+2}
 10793 | D:10     | Noticed a two-headed ogre
 10893 | D:10     | Killed a two-headed ogre
 10894 | D:10     | Reached skill level 10 in Conjurations
 11512 | D:10     | Gained mutation: You have a tail ending in a sharp stinger.
                  | [demonic ancestry]
 11512 | D:10     | Reached XP level 11. HP: 78/78 MP: 14/23
 11757 | Lair:1   | Entered Level 1 of the Lair of Beasts
 11761 | Lair:1   | You fall into a shaft and drop 1 floor!
 12091 | Lair:1   | Reached skill level 5 in Fighting
 12091 | Lair:1   | Reached skill level 5 in Dodging
 12359 | Lair:1   | Found a runed translucent gate.
 12359 | Lair:1   | Found a runed translucent gate.
 12359 | Lair:1   | Found a runed translucent gate.
 12360 | Lair:1   | Noticed WasteTime5's ghost (journeyman HOFi)
 12360 | Lair:1   | Noticed a minotaur
 13205 | Lair:2   | Noticed an eight-headed hydra
 13215 | Lair:2   | Killed an eight-headed hydra
 13678 | Lair:2   | HP: 3/80 [poisoned by a black mamba]
 14308 | Lair:2   | Bought a book of Dangerous Friends for 520 gold pieces
 14316 | Lair:2   | Learned a level 7 spell: Orb of Destruction
 14325 | Lair:3   | Noticed Fannar
 14880 | Lair:3   | Reached skill level 5 in Air Magic
 14896 | Lair:3   | Killed Fannar
 15052 | Lair:2   | Learned a level 3 spell: Summon Guardian Golem
 15236 | Lair:3   | Gained mutation: Your movements are significantly less
                  | encumbered by armour. (ER -6) [demonic ancestry]
 15236 | Lair:3   | Reached XP level 12. HP: 80/87 MP: 22/25
 15274 | Lair:3   | Noticed Sonja
 15295 | Lair:3   | Killed Sonja
 15296 | Lair:3   | Reached skill level 11 in Conjurations
 15485 | Lair:3   | Noticed Amaemon
 15493 | Lair:3   | Killed Amaemon
 15496 | Lair:3   | Noticed a six-headed hydra
 15510 | Lair:3   | Killed a six-headed hydra
 16115 | Lair:3   | Found a staircase to the Shoals.
 16251 | Lair:3   | Learned a level 3 spell: Gell's Gravitas
 17224 | Lair:4   | Found a hole to the Spider Nest.
 17735 | Lair:4   | Noticed Josephine
 17741 | Lair:4   | Killed Josephine
 18435 | Lair:4   | Noticed an ice dragon
 18449 | Lair:4   | Killed an ice dragon
 18450 | Lair:4   | Gained mutation: When hurt, damage is shared between your
                  | health and your magic reserves. [demonic ancestry]
 18450 | Lair:4   | Reached XP level 13. HP: 96/96 MP: 15/26
 18475 | Lair:4   | Found the necklace of Bloodlust {*Rage Will++ Int-3 Slay+6}
 18490 | Lair:4   | Identified the +9 sling "Acviocatz" {freeze, rN+ rCorr}
 19419 | Lair:5   | Reached skill level 10 in Spellcasting
 19670 | Lair:6   | Entered Level 6 of the Lair of Beasts
 20071 | Lair:5   | Reached skill level 12 in Conjurations
 21249 | Lair:6   | Reached skill level 13 in Conjurations
 21652 | Lair:6   | Found a viscous altar of Jiyva.
 21654 | Lair:6   | Found a staircase to the Slime Pits.
 22001 | Lair:6   | Reached XP level 14. HP: 55/109 MP: 1/28
 22672 | Lair:6   | Reached skill level 10 in Fighting
 24001 | Lair:6   | Identified a scroll of acquirement
 24002 | Lair:6   | Acquired a staff of conjuration
 24185 | D:11     | Noticed Erica
 24197 | D:11     | Noticed Maurice
 24639 | D:11     | Killed Maurice
 24640 | D:11     | Killed Erica
 24671 | D:11     | Reached skill level 10 in Dodging
 24731 | D:11     | Found a shimmering blue altar of Sif Muna.
 25189 | D:12     | Found Coulygah's Book Emporium.
 25199 | D:12     | Bought Great Wizards, Vol. VII for 450 gold pieces
 25214 | D:12     | Learned a level 3 spell: Tukima's Dance
 25862 | D:12     | Reached skill level 14 in Conjurations
 25931 | D:12     | Found a staircase to the Orcish Mines.
 26618 | Lair:2   | Bought a manual of Armour for 1040 gold pieces
 26693 | Orc:1    | Entered Level 1 of the Orcish Mines
 26989 | Orc:2    | Entered Level 2 of the Orcish Mines
 27164 | Orc:2    | Noticed Jorgrun
 27179 | Orc:2    | Killed Jorgrun
 27433 | Orc:1    | Found Gipsairch's Assorted Antiques.
 27842 | Orc:1    | Bought a potion of heal wounds for 160 gold pieces
 27842 | Orc:1    | Bought a scroll labelled QOUMIR JIHI for 32 gold pieces
 28045 | Orc:2    | Noticed Erolcha
 28050 | Abyss:2  | Cast into level 2 of the Abyss (Erolcha)
 28120 | Orc:2    | Escaped the Abyss
 28450 | Orc:2    | Noticed an orc warlord
 28630 | Orc:2    | Killed Erolcha
 28917 | Orc:2    | Found a staircase to the Elven Halls.
 29056 | Orc:2    | Killed an orc warlord
 29492 | Orc:2    | Found Lofagara's Book Boutique.
 29526 | Orc:2    | Reached XP level 15. HP: 119/119 MP: 17/29
 29733 | Orc:2    | Found Lewo's Antique Weapon Boutique.
 29736 | Orc:2    | Found Bocetet's Antique Armour Shop.
 29750 | Orc:2    | Bought a runed leather armour for 160 gold pieces
 29767 | Orc:2    | Bought a jewelled shortbow for 176 gold pieces
 29767 | Orc:2    | Identified the +5 shortbow "Impbane" {flame, rC+} (You
                  | bought it in a shop on level 2 of the Orcish Mines)
 29767 | Orc:2    | Bought a shimmering rapier for 198 gold pieces
 29767 | Orc:2    | Identified the +10 rapier "Raix" {flame, Int+4} (You bought
                  | it in a shop on level 2 of the Orcish Mines)
 29881 | Orc:2    | Found Gitwoypo's Jewellery Shoppe.
 29890 | Orc:2    | Bought a ring of wizardry for 390 gold pieces
 29890 | Orc:2    | Bought the ring "Earthly Heaven" {*Corrode Will+ Int+4
                  | Stlth+} for 488 gold pieces
 30382 | D:12     | Bought a book of the Dragon for 690 gold pieces
 30780 | Spider:1 | Entered Level 1 of the Spider Nest
 30819 | Lair:4   | Learned a level 5 spell: Yara's Violent Unravelling
 31944 | Spider:1 | Noticed an emperor scorpion
 31969 | Spider:1 | Killed an emperor scorpion
 31970 | Spider:1 | Reached skill level 15 in Conjurations
 33679 | Spider:2 | Noticed Donald
 33685 | Spider:2 | Killed Donald
 33746 | Spider:2 | Reached skill level 1 in Transmutations
 34265 | Spider:2 | Noticed Aizul
 34280 | Spider:2 | Killed Aizul
 34832 | Spider:2 | Noticed Mlioglotl
 34842 | Spider:2 | Noticed a tentacled starspawn
 35046 | Spider:2 | Noticed an emperor scorpion
 35058 | Spider:2 | Mangled by an emperor scorpion

Illustrated notes

Levels and vault maps discovered:
D:1:      nzn_arrival_crosshair, layout_basic,
          shapermc_ecumenical_altar_starsandcircs, st_stairs_2
D:2:      layout_basic, patterned_corridor, uniq_robin
D:3:      layout_loops_corners, mainiacjoe_overflow_concentric_impassable,
          uniq_jessica, uniq_natasha
D:4:      layout_basic, nzn_wu_jian_contemplation, chequers_avenue,
          kennysheep_generic_room_3, uniq_grinder
D:5:      layout_loops_cross, overflow_temple_1_default
D:6:      layout_rooms, nicolae_uskayaw_suspiria, minmay_temple_entry_mist
D:7:      layout_basic, enter_ossuary_1, nicolae_underground_beach
D:8:      layout_loops_ring, serial_bayou_pond_c
D:9:      layout_roguey, nicolae_hepliaklqana_hazy_memory,
          nicolae_overflow_hidden_temple, nicolae_ru_path_of_blood,
          gammafunk_ghost_smash, minivault_14, grunt_decor_one_mirror
D:10:     layout_cave_pools, okawaru_trees_2, lair_entry_dummy, special_room
          [special_room_orc], serial_park, serial_park_avenue1,
          serial_park_gazebo [serial_park_minivault_5x5_1], serial_park_tiny_1,
          dreamdust_gnoll_shepherd
D:11:     layout_rooms, led_sif_pool, uniq_maurice, uniq_erica
D:12:     layout_loops_ring, orc_0_dummy, serial_shops,
          nicolae_shop_hallway_stairs, bh_walls_and_bars
Temple:   compressed_dpeg_circular_temple
Lair:1:   layout_hall_layers, maelrawn_ghost_gauntlet_escape,
          infiniplex_staircase_pool_2
Lair:2:   layout_cave_pods
Lair:3:   wad_woods_minihive, layout_gridlike, minmay_shoals_entry_centaurs,
          lemuel_fruit_fields, serial_bayou_shore_b, uniq_fannar, uniq_amaemon,
          uniq_sonja
Lair:4:   dragon1_lemuel, layout_gridlike, dummy_spider_entry,
          nicolae_quartered_pool_medium, roderic_batcave, uniq_josephine
Lair:5:   layout_loops_ring, nicolae_lair_grove_arrangements,
          serial_bayou_shore_b
Lair:6:   guppyfry_lair_end_dragon, layout_long_grid,
          minmay_slime_entry_oklob_enclosed, bobbens_dragon_lair_wall
Spider:1: layout_spider_delve, hangedman_spider_tarantella_strand
Spider:2: layout_spider_delve, uniq_aizul, uniq_mlioglotl, uniq_donald
Orc:1:    layout_caves, serial_shops, shop
Orc:2:    grunt_orc_community_town_hall, layout_caves,
          grunt_orc_community_big_house_1, grunt_orc_community_big_house_1,
          grunt_orc_community_house_2, grunt_orc_community_house_3,
          grunt_orc_community_house_1, grunt_orc_community_house_2,
          uniq_jorgrun, uniq_erolcha

Skill      XL: |  1  2  3  4  5  6  7  8  9 10 11 12 13 14 15 |
---------------+----------------------------------------------+-----
Spellcasting   | 3 4 5 6 7 8 9 10 11 | 11.2
Conjurations   | 5 6 7 9 10 11 13 14 15 | 15.4
Hexes          | 1 2 3 4 5 6 7 8 |  8.4
Translocations | 1 2 4 5 6 7 8 |  8.3
Dodging        | 2 4 5 7 9 10 11 | 11.3
Fighting       | 2 4 5 7 9 11 12 | 12.1
Air Magic      | 1 4 5 |  5.0
Transmutations | 2 |  2.2
Stealth        | |  1.7

Action                   |  1- 3 |  4- 6 |  7- 9 | 10-12 | 13-15 || total
-------------------------+-------+-------+-------+-------+-------++-------
Melee: Unarmed           |    15 |     5 |       |       |       ||    20
       Club              |       |       |       |     4 |       ||     4
       Staff             |       |       |       |       |     4 ||     4
       Tailslap          |       |       |       |       |     4 ||     4
       Rapier            |       |       |       |       |     6 ||     6
 Fire: Sling             |       |       |       |       |   325 ||   325
 Cast: Magic Dart        |    61 |   122 |   101 |    92 |       ||   376
       Searing Ray       |     2 |    23 |    61 |    92 |    63 ||   241
       Fulminant Prism   |       |       |    20 |    75 |   147 ||   242
       Iskenderun's Myst |       |       |       |    89 |   287 ||   376
       Swiftness         |       |       |       |     3 |     1 ||     4
       Summon Guardian G |       |       |       |    43 |    69 ||   112
       Gell's Gravitas   |       |       |       |     5 |       ||     5
       Passage of Golubr |       |       |       |       |     3 ||     3
       Orb of Destructio |       |       |       |       |    37 ||    37
Invok: Potion Petition   |       |       |       |     1 |     7 ||     8
       Call Merchant     |       |       |       |     1 |       ||     1
Evoke: Wand              |       |       |       |       |     9 ||     9
       Box of beasts     |       |       |       |       |     3 ||     3
       Lightning rod     |       |       |       |       |     7 ||     7
  Use: Potion            |       |     1 |       |     3 |     7 ||    11
       Scroll            |       |     3 |    14 |     4 |    14 ||    35
 Stab: Sleeping          |       |       |       |     1 |       ||     1
Armor: Robe              |    10 |     9 |     2 |    22 |    28 ||    71
       Leather armour    |       |       |    10 |     8 |    30 ||    48
Dodge: Dodged            |    29 |    32 |    46 |   129 |   220 ||   456

Table legend: (Time is in decaauts)
 A = Elapsed time spent in this place.
 B = Non-inter-level travel time spent in this place.
 C = Inter-level travel time spent in this place.
 D = Time resting spent in this place.
 E = Time spent auto-exploring this place.
 F = Levels seen in this place.
 G = Mean time per level.
                   A        B        C        D        E       F      G
               +--------+--------+--------+--------+--------+-----+--------+
         Total |  35314 |  32800 |   2514 |   7136 |  20310 |  25 | 1412.6 |
       Dungeon |  14081 |  13099 |    982 |   1621 |   9252 |  12 | 1173.4 |
        Temple |    126 |     97 |     29 |      0 |     63 |   1 |  126.0 |
          Lair |  13823 |  12804 |   1019 |   4022 |   6903 |   6 | 2303.8 |
   Spider Nest |   3338 |   3249 |     89 |    228 |   2455 |   2 | 1669.0 |
  Orcish Mines |   3701 |   3307 |    394 |   1248 |   1549 |   2 | 1850.5 |
         Abyss |     72 |     72 |      0 |      0 |      0 |   1 |   72.0 |
       Ossuary |    170 |    170 |      0 |     17 |     87 |   1 |  170.0 |
               +--------+--------+--------+--------+--------+-----+--------+

Top non-repeatable levels by time:
  Lair:4: 2892 daAuts
  Lair:6: 2873 daAuts
  Lair:5: 2467 daAuts
  Lair:2: 2248 daAuts
  Lair:3: 2110 daAuts
     D:1: 1969 daAuts
   Orc:2: 1929 daAuts
Spider:1: 1896 daAuts
   Orc:1: 1771 daAuts
    D:12: 1530 daAuts
Spider:2: 1442 daAuts
     D:3: 1438 daAuts
    D:10: 1310 daAuts
     D:7: 1295 daAuts
     D:9: 1268 daAuts
